 Dungeon Crawl Stone Soup version 0.29.1-14-g9c671dbff4 (webtiles) character file.

Game seed: 368053191256469714

29319 Peloso the Tortoise (level 13, -4/118 HPs)
             Began as a Minotaur Fighter on Feb 19, 2023.
             Was a High Priest of Okawaru.
             Slain by an orc warrior
             ... wielding a +0 halberd
              (9 damage)
             ... on level 2 of the Orcish Mines.
             The game lasted 00:38:08 (22502 turns).

Peloso the Tortoise (Minotaur Fighter)             Turns: 22502, Time: 00:38:08

Health: -4/118     AC: 27    Str: 23    XL:     13   Next: 14%
Magic:  13/13      EV:  8    Int:  5    God:    Okawaru [*****.]
Gold:   1693       SH:  7    Dex: 15    Spells: 12/12 levels left

rFire   . . .      SeeInvis .   b - +6 falchion "Zaemotil" {venom, *Slow rC+ Dex+2 Stlth+}
rCold   + . .      Faith    .   d - +0 buckler
rNeg    . . .      Spirit   .   p - +0 plate armour
rPois   +          Reflect  .   O - +2 hat {Will+}
rElec   .          Harm     .   (no cloak)
rCorr   .          Rampage  .   P - +1 pair of gloves {Stlth+}
Will    +....                   E - +0 pair of boots
Stlth   ..........              (no amulet)
HPRegen 0.29/turn               g - ring of poison resistance
MPRegen 0.13/turn               L - +4 ring of protection

@: about to teleport, studying Translocations
A: horns 2, retaliatory headbutt
a: Renounce Religion, Heroism, Finesse, Duel


You were on level 2 of the Orcish Mines.
You worshipped Okawaru.
Okawaru was extremely pleased with you.
You visited 4 branches of the dungeon, and saw 15 of its levels.
You also visited: Ossuary.

You collected 1870 gold pieces.
You spent 177 gold pieces at shops.

Inventory:

Hand Weapons
 a - a +4 long sword of venom
 b - the +6 falchion "Zaemotil" (weapon) {venom, *Slow rC+ Dex+2 Stlth+}
   (You found it on level 7 of the Dungeon)

   It poisons the flesh of those it strikes.
   Dex:       It affects your dexterity (+2).
   rC:        It protects you from cold.
   *Slow:     It may slow you when you take damage.
   Stlth:     It makes you more stealthy.
 c - a +1 war axe of flaming
Missiles
 e - 3 throwing nets (quivered)
Armour
 d - a +0 buckler (worn)
 p - a +0 plate armour (worn)
 E - a +0 pair of boots (worn)
 O - a +2 hat of willpower (worn)
 P - a +1 pair of gloves of stealth (worn)
Jewellery
 g - a ring of poison resistance (left hand)
 n - an amulet of magic regeneration
 o - an amulet of faith
 w - a ring of see invisible
 L - a +4 ring of protection (right hand)
Wands
 k - a wand of acid (13)
 q - a wand of polymorph (11)
 r - a wand of roots (18)
 I - a wand of paralysis (15)
Scrolls
 f - 2 scrolls of enchant weapon
 h - 10 scrolls of teleportation
 l - 4 scrolls of enchant armour
 m - 3 scrolls of torment
 t - 2 scrolls of brand weapon
 v - 2 scrolls of fear
 y - 2 scrolls of butterflies
 C - a scroll of silence
 D - 2 scrolls of poison
 F - 2 scrolls of blinking
 H - a scroll of immolation
 J - a scroll of amnesia
Potions
 i - 5 potions of mutation
 j - 5 potions of curing
 s - 4 potions of brilliance
 u - 4 potions of might
 x - a potion of heal wounds
 z - 3 potions of haste {unknown}
 A - 3 potions of ambrosia
 B - 2 potions of invisibility
 G - 2 potions of attraction {unknown}
 K - a potion of cancellation {unknown}
 M - a potion of flight {unknown}
 N - a potion of magic {unknown}


   Skills:
 + Level 12.2 Fighting
 + Level 14.5 Long Blades
 + Level 4.5 Axes
 + Level 15.2 Armour
 + Level 3.0 Dodging
 + Level 1.5 Stealth
 + Level 11.2 Shields
 + Level 1.6 Invocations
 + Level 0.1 Evocations


You had 12 spell levels left.
You didn't know any spells.
Your spell library contained the following spells:

 Spells                   Type           Power      Damage    Failure   Level
 Beastly Appendage        Tmut           0%         N/A       99%         1
 Magic Dart               Conj           0%         1d3       99%         1
 Sandblast                Erth           0%         2d4       99%         1
 Ensorcelled Hibernation  Hex/Ice        0%         N/A       100%        2
 Passwall                 Tmut/Erth      0%         N/A       100%        2
 Poisonous Vapours        Pois/Air       0%         N/A       100%        2
 Sublimation of Blood     Necr           0%         N/A       100%        2
 Wereblood                Tmut           0%         N/A       100%        2
 Conjure Flame            Conj/Fire      0%         6-21      100%        3
 Gell's Gravitas          Tloc           0%         N/A       100%        3
 Ignite Poison            Fire/Tmut/Pois 0%         N/A       100%        3
 Mephitic Cloud           Conj/Pois/Air  0%         N/A       100%        3
 Spider Form              Tmut/Pois      0%         N/A       100%        3
 Stone Arrow              Conj/Erth      0%         3d7       100%        3
 Teleport Other           Tloc           0%         N/A       100%        3
 Corpse Rot               Necr/Pois/Air  0%         N/A       100%        4
 Dispel Undead            Necr           0%         3d6       100%        4
 Fulminant Prism          Conj/Hex       0%         3d6       100%        4
 Ice Form                 Ice/Tmut       0%         N/A       100%        4
 Iskenderun's Mystic Bla  Conj/Tloc      0%         2d3       100%        4
 Sticky Flame             Conj/Fire      0%         2d3       100%        4
 Lee's Rapid Deconstruct  Erth           0%         3d5*      100%        5
 Dispersal                Tloc           0%         N/A       100%        6
 Lehudib's Crystal Spear  Conj/Erth      0%         10d2      100%        8
 Summon Small Mammal      Summ           Unusable   N/A       N/A         1
 Call Imp                 Summ           Unusable   N/A       N/A         2
 Call Canine Familiar     Summ           Unusable   N/A       N/A         3
 Summon Guardian Golem    Hex/Summ       Unusable   N/A       N/A         3
 Animate Armour           Summ/Erth      Unusable   N/A       N/A         4
 Animate Dead             Necr           Unusable   N/A       N/A         4
 Death Channel            Necr           Unusable   N/A       N/A         6
 Simulacrum               Ice/Necr       Unusable   N/A       N/A         6

Dungeon Overview and Level Annotations

Branches:
Dungeon (10/15)            Temple (1/1) D:7            Lair (2/5) D:8
  Swamp (0/4) Lair:2          Orc (2/2) D:10            Elf (0/3) Orc:2
Ossuary (visited)
  Snake: Lair:2-3    Spider: Lair:2-3

Altars:
Ashenzari
Cheibriados
Dithmenos
Elyvilon
Fedhas
Gozag
Hepliaklqana
Kikubaaqudgha
Makhleb
Nemelex Xobeh
Okawaru
Qazlal
Ru
Sif Muna
Trog
Uskayaw
Vehumet
Wu Jian
Xom
Yredelemnul
Zin
The Shining One

Shops:
D:1 *[   D:3 (   D:10 (

Annotations:
D:4 Dig money
D:9 3 runed translucent doors, Touch's ghost, journeyman DjCj


Innate Abilities, Weirdness & Mutations

You have a pair of horns on your head.
You reflexively headbutt those who attack you in melee.


Message History

You headbutt the ogre, but do no damage.
The ogre is moderately wounded.
The orc warrior barely misses you. The ogre closely misses you.
You furiously retaliate!
You headbutt the ogre, but do no damage.
Unknown command.
You slash the ogre!
The ogre looks as sick as possible!
The ogre is severely wounded.
The orc warrior hits you from afar with a +0 halberd!
Unknown command.
You barely miss the ogre. You headbutt the ogre.
The ogre is severely wounded.
The ogre hits you but does no damage.
Unknown command.
You hit the ogre.
The ogre looks as sick as possible!
You headbutt the ogre.
You kill the ogre!
Okawaru accepts your kill.
The orc warrior hits you but does no damage.
Unknown command.
You slash the two-headed ogre!
The two-headed ogre is poisoned.
The two-headed ogre is lightly wounded.
Unknown command.
You slash the two-headed ogre!
The two-headed ogre looks as sick as possible!
You headbutt the two-headed ogre!
The two-headed ogre is heavily wounded.
You block the orc warrior's attack.
The two-headed ogre hits you with a +0 giant club!
* * * LOW HITPOINT WARNING * * *
The two-headed ogre hits you but does no damage.
As you read the scroll of teleportation, it crumbles to dust.
You feel strangely unstable. You block the orc warrior's attack.
You slash the two-headed ogre!
The two-headed ogre looks as sick as possible!
The two-headed ogre is almost dead.
The two-headed ogre hits you with a +0 giant club!!
* * * LOW HITPOINT WARNING * * *
You block the two-headed ogre's attack.
The orc warrior hits you from afar with a +0 halberd!
You die...

...#...OOT)# ..#.....oo##
.....o...o.# ..........## ###
..##..C### #.## . ##TO.## ##..##
#....o# ###....## ###..Ooo###
##.#.....# #.......#@#
#......... ###.....OoO###
###.........
##........oT..####...........
##............##.#............
##.............................
##..............................
#.........#...............#.....
#........###.............###...
###.......##
#.............##..#.


You could see 2 two-headed ogres, a troll, an orc warrior and an orc.

Vanquished Creatures
  Gastronok (Lair:2)
  An orc warlord (Orc:1)
  Harold (D:10)
  2 boulder beetles
  5 hydras
  5 two-headed ogres
  Lodul (D:10)
  An orc sorcerer (D:10)
  A manticore (D:8)
  Joseph (D:10)
  Maurice (D:8)
  4 kobold demonologists
  3 cane toads
  2 komodo dragons
  2 trolls (Orc:2)
  Grinder (D:3)
  4 blink frogs (Lair:2)
  Sigmund (D:3)
  17 yaks
  A vampire (D:10)
  A wyvern (Lair:2)
  A basilisk (Lair:1)
  2 steam dragons
  4 wargs
  2 swamp worms (Lair:2)
  7 water moccasins
  21 orc warriors
  A sky beast (D:6)
  16 ogres
  A black bear (Lair:1)
  4 centaurs
  8 wolves (Lair:1)
  11 bullfrogs
  2 kobold brigands (D:10)
  5 scorpions
  5 necrophages
  6 wights
  5 killer bees (D:10)
  A howler monkey (D:10)
  5 jellies
  4 centaur zombies
  2 hounds (D:4)
  2 centaur skeletons (D:10)
  20 orc priests
  A gnoll bouda (D:3)
  Jessica (D:2)
  7 iguanas
  22 orc wizards
  A centaur simulacrum (D:10)
  6 mummies (Ossuary)
  6 gnolls
  12 adders
  A white imp (D:6)
  An ufetubus (D:4)
  A worm (D:3)
  2 dart slugs
  78 orcs
  7 ball pythons
  6 bats
  2 endoplasms
  2 giant cockroaches
  10 hobgoblins
  10 jackals
  8 kobolds
  4 quokkas
  A frilled lizard (D:1)
  8 goblins
  6 hobgoblin zombies (Ossuary)
  A quokka zombie (D:7)
  6 rats
  A rat zombie (D:7)
402 creatures vanquished.

Vanquished Creatures (others)
  An adder (D:4)
  4 fungi
  6 plants
11 creatures vanquished.

Grand Total: 413 creatures vanquished

Notes
Turn   | Place    | Note
-------+----------+-------------------------------------------
     0 | D:1      | Peloso the Minotaur Fighter began the quest for the Orb.
     0 | D:1      | Reached XP level 1. HP: 19/19 MP: 0/0
   196 | D:1      | Found Amuelly's Antique Armour Emporium.
   203 | D:1      | Reached XP level 2. HP: 27/27 MP: 1/1
   292 | D:1      | Found a faded altar of an unknown god.
   382 | D:1      | Reached skill level 4 in Armour
   431 | D:1      | Found Zuzxos's Assorted Antiques.
   791 | D:1      | Reached XP level 3. HP: 31/33 MP: 2/2
  1266 | D:2      | Reached XP level 4. HP: 36/40 MP: 3/3
  1456 | D:2      | Noticed Jessica
  1488 | D:2      | Killed Jessica
  1697 | D:2      | Reached skill level 5 in Armour
  2002 | D:2      | Reached XP level 5. HP: 47/47 MP: 4/4
  2157 | D:3      | Noticed Grinder
  2706 | D:4      | Reached skill level 1 in Dodging
  3065 | D:1      | Bought a pair of scorched gloves for 152 gold pieces
  3065 | D:1      | Identified the -1 pair of gloves of the Hot Ocelot {rC+
                  | Will- MP+9} (You bought it in a shop on level 1 of the
                  | Dungeon)
  3104 | D:1      | Bought a sedimented red potion for 25 gold pieces
  3214 | D:3      | Reached XP level 6. HP: 14/53 MP: 5/5
  3757 | D:4      | Reached skill level 6 in Armour
  3771 | D:4      | Reached skill level 5 in Fighting
  3771 | D:4      | Reached skill level 5 in Long Blades
  4092 | D:4      | Reached XP level 7. HP: 61/61 MP: 6/6
  4294 | D:4      | Reached skill level 5 in Shields
  4482 | D:4      | Found a white marble altar of Elyvilon.
  4539 | D:4      | Found a glowing silver altar of Zin.
  4793 | D:5      | Entered Level 5 of the Dungeon
  4793 | D:5      | Found a blossoming altar of Fedhas.
  4877 | D:5      | Reached skill level 7 in Armour
  5344 | D:5      | Found an ornate altar of the Wu Jian Council.
  5443 | D:5      | Reached XP level 8. HP: 69/70 MP: 7/7
  5997 | D:6      | Identified the +11 mace of the Neverending Tusks {venom,
                  | Fly rF- MP+9 Dex-4}
  6056 | D:6      | Reached skill level 8 in Armour
  6891 | D:6      | Reached XP level 9. HP: 60/78 MP: 8/8
  7349 | D:7      | Reached skill level 9 in Armour
  7557 | D:7      | Found a sand-covered staircase.
  7564 | Ossuary  | Entered an ossuary
  7911 | D:7      | Identified the +6 falchion "Zaemotil" {venom, *Slow rC+
                  | Dex+2 Stlth+}
  8919 | D:7      | Found a staircase to the Ecumenical Temple.
  9224 | Temple   | Entered the Ecumenical Temple
  9229 | Temple   | Became a worshipper of Warmaster Okawaru
  9566 | D:3      | Found an opulent altar of Gozag.
  9725 | D:3      | Noticed Sigmund
  9734 | D:3      | Killed Sigmund
 10158 | D:3      | Paralysed by Grinder for 2 turns
 10164 | D:3      | Killed Grinder
 10165 | D:3      | Reached skill level 10 in Long Blades
 10218 | D:3      | Found Dotegy's Antique Weapon Shoppe.
 10457 | D:8      | Reached skill level 10 in Armour
 10626 | D:8      | Reached skill level 1 in Stealth
 10626 | D:8      | Noticed Maurice
 10631 | D:8      | Paralysed by Maurice for 4 turns
 10639 | D:8      | Killed Maurice
 10639 | D:8      | Reached * piety under Okawaru
 10640 | D:8      | Reached XP level 10. HP: 77/88 MP: 9/9
 10838 | D:8      | Found a staircase to the Lair.
 10871 | D:8      | Noticed a manticore
 10873 | D:8      | Noticed a boulder beetle
 10877 | D:8      | Killed a manticore
 10877 | D:8      | Reached ** piety under Okawaru
 10889 | D:8      | Killed a boulder beetle
 11335 | D:8      | Noticed a two-headed ogre
 11362 | D:8      | Killed a two-headed ogre
 11363 | D:8      | Reached skill level 11 in Armour
 11899 | D:9      | Found a runed translucent gate.
 11899 | D:9      | Found a runed translucent gate.
 11899 | D:9      | Found a runed translucent gate.
 11899 | D:9      | Noticed Touch's ghost (journeyman DjCj)
 11927 | D:9      | Noticed a soul eater
 11928 | D:9      | Noticed an orange demon
 11934 | D:9      | Reached *** piety under Okawaru
 12133 | D:9      | Noticed a +0 falchion
 12133 | D:9      | Noticed a +0 dagger
 12133 | D:9      | Noticed a +0 spear
 12133 | D:9      | Noticed a +0 dagger
 12133 | D:9      | Noticed a +0 spear
 12133 | D:9      | Noticed a +0 short sword
 12133 | D:9      | Noticed a +0 short sword
 12135 | D:9      | Noticed a +0 falchion
 12136 | D:9      | Found a hide-covered altar of Uskayaw.
 12597 | D:10     | Entered Level 10 of the Dungeon
 12606 | D:10     | Noticed a two-headed ogre
 12626 | D:10     | Killed a two-headed ogre
 12627 | D:10     | Reached skill level 12 in Armour
 12738 | D:10     | Found Lodwid's Weapon Shoppe.
 12738 | D:10     | Found a staircase to the Orcish Mines.
 12764 | D:10     | Reached **** piety under Okawaru
 12765 | D:10     | Reached XP level 11. HP: 86/97 MP: 10/10
 12908 | D:10     | Identified the +1 helmet of the Ladybird {-Tele rElec Str+2
                  | Int+3}
 13201 | D:10     | Noticed Lodul
 14154 | D:10     | Killed Lodul
 14253 | D:10     | Noticed Joseph
 14277 | D:10     | Killed Joseph
 14676 | D:10     | Found a sacrificial altar of Ru.
 14793 | D:10     | Reached ***** piety under Okawaru
 15276 | Lair:1   | Entered Level 1 of the Lair of Beasts
 15286 | Lair:1   | Reached skill level 13 in Armour
 15437 | Lair:1   | Noticed a boulder beetle
 15453 | Lair:1   | Killed a boulder beetle
 15454 | Lair:1   | Reached skill level 10 in Fighting
 15909 | Lair:1   | Identified the +5 long sword of Ecuret {pain, rF- rN++
                  | Will- Str+10} (Okawaru gifted it to you on level 1 of the
                  | Lair of Beasts)
 15909 | Lair:1   | Received a gift from Okawaru
 16203 | Lair:1   | Noticed a five-headed hydra
 16204 | Lair:1   | Noticed a six-headed hydra
 16233 | Lair:1   | Killed a one-headed hydra
 16241 | Lair:1   | HP: 3/101 [three-headed hydra (8)]
 16243 | Lair:1   | Killed a two-headed hydra
 16244 | Lair:1   | Reached skill level 1 in Axes
 16244 | Lair:1   | Reached XP level 12. HP: 32/108 MP: 11/11
 16617 | Lair:1   | You fall into a shaft and drop 1 floor!
 17532 | Lair:2   | Reached skill level 14 in Armour
 17670 | Lair:2   | Noticed Gastronok
 17693 | Lair:2   | Killed Gastronok
 17694 | Lair:2   | Reached skill level 10 in Shields
 17694 | Lair:2   | Reached skill level 1 in Invocations
 17742 | Lair:2   | Noticed an eight-headed hydra
 17749 | Lair:2   | Killed a five-headed hydra
 17749 | Lair:2   | Received a gift from Okawaru
 18193 | Lair:2   | Noticed a seven-headed hydra
 18193 | Lair:2   | Noticed an eight-headed hydra
 18200 | Lair:2   | Killed a three-headed hydra
 18206 | Lair:2   | Killed a two-headed hydra
 18360 | Lair:2   | Found a staircase to the Swamp.
 18430 | Lair:2   | Got Watu's Tractate on Rime and Misery
 18660 | Orc:1    | Entered Level 1 of the Orcish Mines
 18660 | Orc:1    | Noticed Harold
 19318 | D:10     | Killed Harold
 20875 | Orc:2    | Entered Level 2 of the Orcish Mines
 20875 | Orc:2    | Found a staircase to the Elven Halls.
 20876 | Orc:2    | Noticed a two-headed ogre
 20893 | Orc:1    | Killed a two-headed ogre
 21512 | Orc:2    | Noticed an orc warlord
 21514 | Orc:2    | Noticed a two-headed ogre
 21780 | Orc:1    | Killed an orc warlord
 21781 | Orc:1    | Reached skill level 15 in Armour
 21781 | Orc:1    | Reached XP level 13. HP: 73/118 MP: 11/13
 22482 | Orc:2    | Received a gift from Okawaru
 22502 | Orc:2    | HP: 5/118 [two-headed ogre/+0 giant club (22)]
 22502 | Orc:2    | Slain by an orc warrior

Illustrated notes

Levels and vault maps discovered:
D:1:      psy_arrival_fountain, layout_basic,
          shapermc_ecumenical_altar_mp_urbaneastern, serial_shops,
          nicolae_diamond_shop, nicolae_shop_statue_plus
D:2:      layout_loops_corners, minmay_crystal_water, uniq_jessica
D:3:      layout_basic, lemuel_tele_altar, serial_shops, nicolae_shop_stone,
          minmay_misc_feat_hallway, kennysheep_cluttered_room,
          minmay_fractal_squares_gapless_5, uniq_grinder, uniq_sigmund
D:4:      layout_cave_pods, zin_treasury, elyvilon_altar_4, grunt_decor_cap,
          corner_web_ring
D:5:      layout_basic, mainiacjoe_overflow_tiny_flanked,
          nzn_wu_jian_contemplation
D:6:      layout_cave_pods
D:7:      layout_loops_corners, minmay_temple_entry_hall, enter_ossuary_4
D:8:      layout_loops_corners, lair_entry_dummy, minmay_manual_mail,
          uniq_maurice
D:9:      layout_roguey, nicolae_uskayaw_en_pointe,
          gammafunk_ghost_nasty_kobolds
D:10:     layout_loops_cross, nicolae_ru_the_path_less_chosen, orc_david_3,
          serial_aquarium, aquarium_bridge_square [aquarium_subvault_window,
          aquarium_subvault_bridge, aquarium_subvault_wall,
          aquarium_subvault_wall], aquarium_window_corner, aquarium_window_fake,
          aquarium_window_fake, aquarium_window_2, aquarium_view_2b,
          aquarium_view_2d, aquarium_balcony_1b, aquarium_pool_four,
          serial_park_tiny_pond, hangedman_weighted_door,
          hangedman_decor_diamond_cutter, hangedman_decor_growths, uniq_lodul,
          uniq_joseph
Temple:   minmay_freezing_vapour_temple
Lair:1:   layout_gridlike, serial_bayou_shore_b
Lair:2:   layout_chaotic_city, palyth_hydra_swamp_entry,
          infiniplex_staircase_pool, uniq_gastronok
Orc:1:    layout_caves, ebering_ghost_xom, uniq_harold
Orc:2:    st_orc_open, layout_diamond_mine

Skill      XL: |  1  2  3  4  5  6  7  8  9 10 11 12 |
---------------+-------------------------------------+-----
Shields        | 4 5 6 7 8 9 11 | 11.2
Armour         | 4 5 6 7 8 10 12 13 15 | 15.2
Fighting       | 4 5 6 8 9 10 12 | 12.2
Long Blades    | 3 4 5 6 8 10 12 13 14 | 14.5
Dodging        | 1 2 3 |  3.0
Stealth        | 1 |  1.5
Axes           | 1 4 |  4.5
Invocations    | 1 |  1.6
Evocations     | |  0.1

Action                   |  1- 3 |  4- 6 |  7- 9 | 10-12 | 13-15 || total
-------------------------+-------+-------+-------+-------+-------++-------
Melee: Long sword        |    74 |   156 |   311 |       |       ||   541
       Headbutt          |     9 |    28 |    70 |   197 |    23 ||   327
       Falchion          |       |       |    78 |   695 |    89 ||   862
       War axe           |       |       |       |    32 |       ||    32
Invok: Heroism           |       |       |       |    18 |     2 ||    20
Evoke: Wand              |       |     2 |       |       |       ||     2
  Use: Scroll            |       |     3 |    10 |     7 |     1 ||    21
       Potion            |       |     2 |     4 |     3 |       ||     9
Armor: Scale mail        |    27 |    55 |       |       |       ||    82
       Plate armour      |       |    78 |   254 |   447 |    52 ||   831
Dodge: Dodged            |    27 |    83 |   119 |   245 |    36 ||   510
Block: Buckler           |    16 |    60 |    97 |   224 |    36 ||   433
